 Dungeon Crawl Stone Soup version 0.20-a0-386-g2d247ea (webtiles) character file.

907 Kurtz the Twirler (level 8, 0/44 HPs)
             Began as a Kobold Gladiator on Dec 29, 2016.
             Slain by an ice beast (3 damage)
             ... on level 3 of the Dungeon on Dec 30, 2016.
             The game lasted 00:08:52 (5263 turns).

Kurtz the Twirler (Kobold Gladiator)                Turns: 5263, Time: 00:08:53

Health: 0/44       AC:  8    Str: 10 (13) XL:     8   Next: 29%
Magic:  8/8        EV: 14    Int:  6 (9)  God:
Gold:   187        SH:  0    Dex: 14 (17) Spells: 7/7 levels left

rFire  + . .     SeeInvis .     a - +0 quarterstaff
rCold  + . .     Gourm    .     x - +2 ring mail {rPois}
rNeg   . . .     Faith    .     (shield currently unavailable)
rPois  +         Spirit   .     c - +0 helmet
rElec  +         Reflect  .     (no cloak)
rCorr  +         Harm     .     (no gloves)
MR     .....                    (no boots)
Stlth  ++........               (no amulet)
                                (no ring)
                                (no ring)

@: resistant, flying
A: camouflage 1, carnivore 3
a: no special abilities


You were on level 3 of the Dungeon.
You were full.

You visited 1 branch of the dungeon, and saw 5 of its levels.

You collected 229 gold pieces.
You spent 42 gold pieces at shops.

Inventory:

Hand Weapons
 a - a +0 quarterstaff (weapon)
Armour
 c - a +0 helmet (worn)
 j - a +0 chain mail
 x - a +2 ring mail of poison resistance (worn)
Scrolls
 b - a scroll of identify
 e - a scroll of fear
 g - a scroll of enchant weapon {unknown}
 i - 2 scrolls of fog
 k - a scroll of immolation {unknown}
 m - a scroll of remove curse
 o - a scroll of blinking
 q - 2 scrolls of amnesia {unknown}
 s - a scroll of enchant armour {unknown}
 u - 2 scrolls of teleportation
Comestibles
 f - 6 meat rations
 p - a slice of pizza
 t - 2 royal jellies


   Skills:
 - Level 2.1 Fighting
 * Level 7.5 Staves
 - Level 2.1 Throwing
 * Level 3.5 Armour
 - Level 3.6 Dodging


You had 7 spell levels left.
You didn't know any spells.

Dungeon Overview and Level Annotations

Branches:
Dungeon (5/15)
 Temple: D:4-7

Altars:
Nemelex Xobeh
Sif Muna
Yredelemnul

Shops:
D:4 (%(

Annotations:
D:5 regis's ghost, novice DsCK


Innate Abilities, Weirdness & Mutations

You are small and have problems with some larger weapons.
You are carnivorous and can eat meat at any time.
Your skin changes colour to match your surroundings (Stealth+).


Message History

You feel frail.
You feel robust.
Your skin functions as natural camouflage.
The ice beast misses you.
Your ring mail prevents you from hitting the ice beast.
The ice beast is heavily wounded.
The ice beast hits you but does no damage.
You feel very buoyant.
You fly up into the air.
It was a potion of resistance.
You feel protected. The ice beast hits you.
* * * LOW HITPOINT WARNING * * *
The ice beast freezes you. You resist.
* * * LOW HITPOINT WARNING * * *
You hit the ice beast.
The ice beast is severely wounded.
The ice beast hits you.
* * * LOW HITPOINT WARNING * * *
The ice beast freezes you. You resist.
You die...

######.########.....# #.#.# #.
......#.....##...##.###.#.######.
######.####......>........##.....
#.# ####...##.###.........# #.#
##.###.# ######.##.# #.#
#.###.### #.##.# #[# #.......#
#.##.# #)# #..##.#.######.##..
######[# #.@##.#..........<.
.......##### #.Y##..........####
##.........# #..#############
...###.###.####..## ####
#............# ###########.## ###


You could see an ice beast.

Vanquished Creatures
  Sigmund (D:3)
  A phantom (D:4)
  A sky beast (D:3)
  The ghost of Heef the Magician, an amateur DEWz (D:3)
  A crimson imp (D:4)
  A hound (D:5)
  An orc priest (D:3)
  Jessica (D:3)
  Natasha (thrice) (D:3)
  4 worker ants (D:4)
  4 adders
  2 shadow imps
  3 oozes
  3 worms
  5 dart slugs
  5 leopard geckos
  17 orcs
  5 giant cockroaches
  4 hobgoblins
  8 jackals
  13 kobolds
  A quokka (D:5)
  2 ball pythons
  9 bats
  A frilled lizard (D:3)
  8 goblins
  10 rats
  A bush (D:1)
116 creatures vanquished.

Notes
Turn   | Place    | Note
-------+----------+-------------------------------------------
     0 | D:1      | Kurtz the Kobold Gladiator began the quest for the Orb.
     0 | D:1      | Reached XP level 1. HP: 12/12 MP: 1/1
    11 | D:1      | Reached skill level 3 in Staves
    34 | D:1      | Reached XP level 2. HP: 13/17 MP: 2/2
   218 | D:1      | Reached XP level 3. HP: 11/21 MP: 3/3
   495 | D:1      | Reached skill level 4 in Staves
   601 | D:1      | Reached XP level 4. HP: 25/26 MP: 4/4
  1254 | D:2      | Found a deep blue altar of Sif Muna.
  1406 | D:2      | Found a basalt altar of Yredelemnul.
  1510 | D:2      | Found a sparkling altar of Nemelex Xobeh.
  1880 | D:3      | Noticed Jessica
  1889 | D:3      | Killed Jessica
  1889 | D:3      | Reached skill level 1 in Armour
  1889 | D:3      | Reached XP level 5. HP: 30/30 MP: 5/5
  1968 | D:3      | Noticed Natasha
  1976 | D:3      | Killed Natasha
  1976 | D:3      | Reached skill level 5 in Staves
  2115 | D:3      | Noticed Sigmund
  2126 | D:3      | Killed Sigmund
  2126 | D:3      | Reached XP level 6. HP: 30/35 MP: 6/6
  2208 | D:3      | Noticed Heef's ghost (amateur DEWz)
  2229 | D:3      | Noticed a sky beast
  2231 | D:3      | Killed Heef's ghost
  2231 | D:3      | Reached skill level 6 in Staves
  2231 | D:3      | Reached XP level 7. HP: 15/40 MP: 7/7
  2778 | D:3      | Noticed Natasha
  2788 | D:3      | Killed Natasha
  3014 | D:3      | Noticed Natasha
  3027 | D:3      | Killed Natasha
  3531 | D:4      | Found Zudach's Weapon Shoppe.
  3539 | D:4      | Bought a throwing net for 42 gold pieces
  3871 | D:4      | Reached skill level 7 in Staves
  3871 | D:4      | Reached XP level 8. HP: 35/44 MP: 8/8
  4043 | D:4      | Found Nenoox's Antique Weapon Boutique.
  4179 | D:4      | Found Miekleul's Food Shoppe.
  4406 | D:5      | Entered Level 5 of the Dungeon
  4445 | D:5      | Noticed regis's ghost (novice DsCK)
  5099 | D:4      | HP: 1/44 [ice beast (9)]
  5256 | D:3      | Gained mutation: You are frail. (-10% HP) [potion of mutation]
  5256 | D:3      | Lost mutation: You are frail. (-10% HP) [potion of mutation]
  5256 | D:3      | Gained mutation: Your skin changes colour to match your surroundings (Stealth+). [potion of mutation]
  5263 | D:3      | Slain by an ice beast

Vault maps used:
D:1:      denvon_arrival_planthouse, hangedman_abyss_or_decor_stabs,
          lexackson_kobold_supper
D:2:      old_standard_altar, nemelex_xobeh_ov_fountains_minmay,
          marbit_many_paths
D:3:      uniq_jessica, uniq_natasha, uniq_sigmund
D:4:      serial_shops, kennysheep_little_box, nicolae_shop_trees,
          nicolae_shop_crystal, minmay_misc_feat_ornament,
          kennysheep_generic_room_4
D:5:      serial_shops, kennysheep_mini,
          nicolae_shop_temple_entry_statues_fountains, nicolae_shop_statue_plus,
          nicolae_shop_behind_doors, first_bread, okawaru_trees_1

Skill      XL: |  1  2  3  4  5  6  7 |
---------------+----------------------+-----
Staves         | 3 4 5 6 7 |  7.5
Armour         | 1 2 3 |  3.5
Fighting       | |  2.1
Throwing       | |  2.1
Dodging        | |  3.6

Action                   |  1- 3 |  4- 6 |  7- 9 || total
-------------------------+-------+-------+-------++-------
Melee: Quarterstaff      |   131 |   139 |   291 ||   561
Throw: Throwing net      |       |     1 |     4 ||     5
  Use: Scroll            |       |     3 |     4 ||     7
       Potion            |       |     1 |     7 ||     8
 Stab: Held in net/web   |       |     1 |     3 ||     4
  Eat: Chunk             |     8 |     5 |     7 ||    20
Armor: Leather armour    |    24 |     3 |       ||    27
       Chain mail        |       |    88 |    64 ||   152
       Ring mail         |       |       |    41 ||    41
Dodge: Dodged            |    94 |    75 |   158 ||   327
